 Dungeon Crawl Stone Soup version 0.14-a0-2737-gb10a4c8 (webtiles) character file.

3023 Psiweapon the Fighter (level 9, -12/59 HPs)
             Began as a Gargoyle Fighter on Feb 21, 2014.
             Was a Believer of Okawaru.
             Mangled by an orc warrior
             ... wielding a -1,+0 orcish war axe
              (14 damage)
             ... on Level 7 of the Dungeon.
             The game lasted 00:32:24 (5753 turns).

Psiweapon the Fighter (Gargoyle Fighter)            Turns: 5753, Time: 00:32:24

HP -12/59        AC 22     Str 28      XL: 9   Next: 75%
MP   0/12        EV 10     Int 14      God: Okawaru [**....]
Gold 165         SH  0     Dex 17      Spells:  0 memorised,  8 levels left

rFire  . . .     SeeInvis .     a - -1,+0 orc morningstar
rCold  . . .     Clarity  .     g - +0 chain mail
rNeg   + . .     Conserve .     i - +0 large shield
rPois  +         rCorr    .     x - +0 helmet
rElec  +         rRot     +     C - +0 cloak
SustAb . .       Spirit   +     G - +2 pair of gloves
rMut   .         Warding  .     (no boots)
Saprov . . .     Stasis   .     p - amulet of guardian spirit
MR     .....                    r - ring of sustenance
                                k - +3 ring of dexterity

@: confused, mighty, brilliant, agile, not resistant to hostile enchantments,
extremely unstealthy
A: life protection 1, electricity resistance, unbreathing, petrification
resistance, AC +5
a: Heroism, Renounce Religion


You were on level 7 of the Dungeon.
You worshipped Okawaru.
Okawaru was pleased with you.
You were not hungry.

You visited 2 branches of the dungeon, and saw 8 of its levels.
You also visited: Bailey.

You collected 316 gold pieces.
You spent 151 gold pieces at shops.

Inventory:

Hand weapons
 a - a -1,+0 orcish morningstar (weapon)
 b - a +0,+2 whip of venom
 c - a +0,+0 whip of flaming
 d - a +4,+1 flail of holy wrath
 h - a -1,-1 dagger
 E - a +4,-1 cutlass of freezing
 K - a +0 blowgun
Missiles
 l - 8 tomahawks (quivered)
 o - 37 sling bullets
 v - 42 poisoned needles
 A - 22 bolts of flame
 N - 5 tomahawks of returning
Armour
 g - a +0 chain mail (worn)
 i - a +0 large shield (worn)
 x - a +0 helmet (worn)
 C - a +0 cloak (worn)
 G - a +2 pair of gloves (worn)
Magical devices
 m - a wand of frost (16)
 J - a wand of disintegration (11)
Comestibles
 j - 3 meat rations
 n - 2 sausages
 s - an apricot
 u - 3 bread rations
 D - a choko
Scrolls
 e - 2 scrolls of magic mapping
 f - a scroll of curse armour {unknown}
 t - a scroll of fog {unknown}
 y - 2 scrolls of remove curse
 B - 2 scrolls of identify
 F - a scroll of immolation {unknown}
 I - a scroll of recharging {unknown}
 M - a scroll of curse weapon {unknown}
Jewellery
 k - a +3 ring of dexterity (left hand)
 p - an amulet of guardian spirit (around neck)
 r - a ring of sustenance (right hand)
Potions
 q - a potion of confusion
Books
 z - a book of War Chants

   Spells                             Type                      Level
   Fire Brand                         Charms/Fire                  2
   Freezing Aura                      Charms/Ice                   2
   Shroud of Golubria                 Charms/Translocation         2
   Repel Missiles                     Charms/Air                   2
   Poison Weapon                      Charms/Poison                3
   Regeneration                       Charms/Necromancy            3


   Skills:
 + Level 8.2 Fighting
 + Level 7.2 Maces & Flails
 - Level 7.4 Armour
 + Level 7.8 Shields
 + Level 2.3 Evocations


You had 8 spell levels left.
You didn't know any spells.

Dungeon Overview and Level Annotations

Branches:
Dungeon (7/16)             Temple (1/1) D:5

Altars:
Ashenzari
Cheibriados
Dithmenos
Elyvilon
Fedhas
Kikubaaqudgha
Makhleb
Nemelex Xobeh
Okawaru
Sif Muna
Trog
Vehumet
Xom
Yredelemnul
The Shining One

Shops:
D:6 [(

Annotations:
D:3 exclusion: door


Innate Abilities, Weirdness & Mutations

You are resistant to torment.
You are immune to poison.
Your stone body is very resilient (AC +5).
You resist negative energy.
You are resistant to electric shocks.
You can survive without breathing.
You are immune to petrification.


Message History

The orc hits you but does no damage.
You impale the orc warrior!!
You kill the orc warrior!
Okawaru accepts your kill.
You are no longer glowing.
Lorenzova's ghost hits you but does no damage.
The orc warrior misses you.
Lorenzova's ghost hits you but does no damage.
The orc hits you but does no damage.
The orc warrior hits you but does no damage.
There is a gate leading back out of here, spattered with blood here.
You see here an orcish war axe.
The orc barely misses you. Lorenzova's ghost hits you.
* * * LOW HITPOINT WARNING * * *
The orc warrior barely misses you.
Welcome back to the Dungeon!
There is an empty arch of ancient stone here.
The orc misses you.
The orc warrior hits you with an orcish war axe!
You die...

###..[...### #.........$#
#.##.......# #####.# .......#
#...#.#####...##
#...#..(...%...#
#####...#..≈≈≈≈≈≈≈.######..
##....#.....≈####≈≈.........
#...........≈#@.#≈≈.........
#........#..≈#oo'≈((#......
#........#..≈#..'≈()#......
#.....##...#..≈#..'≈≈.#......
#.............≈#>.#≈≈.......
#.....###.#...≈####≈≈......
###... #.#.#.≈≈≈≈≈≈≈.####..
#... #.#.#.........# ####
#.)))..........


You could see an orc warrior and an orc.

Vanquished Creatures
  Pikel (D:3)
  An orc knight (Bailey)
  Grinder (D:4)
  Eustachio (D:6)
  Edmund (D:4)
  Menkaure (D:4)
  An orc warrior (Bailey)
  A sky beast (D:6)
  2 ogres
  A centaur (D:6)
  A phantom (D:6)
  Sigmund (D:3)
  A giant frog (D:7)
  A hippogriff skeleton (D:6)
  A hound (D:7)
  A crimson imp (D:7)
  A centaur skeleton (D:5)
  Crazy Yiuf (D:5)
  2 iguanas
  2 jellies
  3 orc priests
  2 orc wizards
  A worker ant (D:4)
  Terence (D:2)
  4 adders
  A gnoll (D:4)
  An orc skeleton (D:7)
  An inept item mimic (D:7)
  A worm (D:2)
  A grey rat (D:6)
  3 giant geckos
  2 oozes (D:1)
  30 orcs
  5 giant cockroaches
  6 goblins
  13 hobgoblins
  9 jackals
  13 kobolds
  A quokka (D:4)
  A ball python (D:2)
  15 bats
  4 giant newts
  A goblin skeleton (D:4)
  A hobgoblin skeleton (D:6)
  A kobold skeleton (D:4)
  16 rats
  A rat skeleton (D:7)
161 creatures vanquished.

Vanquished Creatures (others)
  An orc priest (D:4)
  2 gnolls (D:4)
  An adder (D:4)
  4 orcs (D:4)
  A ball python (D:4)
  A kobold (D:4)
  3 butterflies (D:4)
13 creatures vanquished.

Grand Total: 174 creatures vanquished

Notes
Turn   | Place    | Note
--------------------------------------------------------------
     0 | D:1      | Psiweapon, the Gargoyle Fighter, began the quest for the Orb.
     0 | D:1      | Reached XP level 1. HP: 14/14 MP: 1/1
   208 | D:1      | Reached XP level 2. HP: 19/19 MP: 2/2
   578 | D:1      | Reached XP level 3. HP: 23/23 MP: 3/3
   954 | D:2      | Noticed Terence
  1010 | D:2      | Killed Terence
  1010 | D:2      | Reached skill level 4 in Fighting
  1340 | D:2      | Reached XP level 4. HP: 27/29 MP: 4/4
  1356 | D:2      | Found an ancient bone altar of Kikubaaqudgha.
  1356 | D:2      | Found a shadowy altar of Dithmenos.
  2224 | D:3      | Reached XP level 5. HP: 34/34 MP: 5/5
  2259 | D:3      | Noticed Sigmund
  2283 | D:3      | Killed Sigmund
  2323 | D:3      | Reached skill level 5 in Fighting
  2330 | D:3      | Reached XP level 6. HP: 35/40 MP: 6/6
  2480 | D:3      | Found a deep blue altar of Sif Muna.
  2717 | D:4      | Noticed Pikel
  2758 | D:3      | Killed Pikel
  2758 | D:3      | Reached skill level 5 in Armour
  2758 | D:3      | Reached skill level 5 in Shields
  2758 | D:3      | Reached XP level 7. HP: 37/45 MP: 5/7
  2980 | D:4      | Noticed Grinder
  2993 | D:4      | Paralysed by Grinder for 5 turns
  3008 | D:4      | Killed Grinder
  3008 | D:4      | Reached skill level 6 in Fighting
  3008 | D:4      | Reached skill level 5 in Maces & Flails
  3008 | D:4      | Reached XP level 8. HP: 37/52 MP: 6/8
  3246 | D:4      | Noticed Menkaure
  3256 | D:4      | HP: 1/52 [Menkaure (13)]
  3261 | D:4      | Killed Menkaure
  3724 | D:4      | Found a white marble altar of Elyvilon.
  3815 | D:4      | Noticed Edmund
  3858 | D:4      | Killed Edmund
  4013 | D:5      | Entered Level 5 of the Dungeon
  4104 | D:5      | Found a staircase to the Ecumenical Temple.
  4112 | Temple   | Entered the Ecumenical Temple
  4161 | Temple   | Became a worshipper of Warmaster Okawaru
  4770 | D:5      | Noticed Crazy Yiuf
  4781 | D:5      | Killed Crazy Yiuf
  4781 | D:5      | Reached skill level 7 in Fighting
  4886 | D:6      | Noticed Eustachio
  4911 | D:6      | Killed Eustachio
  4911 | D:6      | Reached XP level 9. HP: 51/57 MP: 9/9
  5011 | D:6      | Found Sonuapny's Armour Shop.
  5020 | D:6      | Bought a +2 pair of gloves for 151 gold pieces
  5151 | D:6      | Acquired Okawaru's first power
  5240 | D:6      | Found Crafilie's Weapon Shoppe.
  5627 | D:7      | Found a flagged portal.
  5675 | Bailey   | Entered a bailey
  5700 | Bailey   | Noticed an orc knight
  5710 | Bailey   | Killed an orc knight
  5710 | Bailey   | Reached skill level 8 in Fighting
  5717 | Bailey   | Noticed lorenzova's ghost (experienced SpEn)
  5751 | Bailey   | HP: 2/59 [lorenzova's ghost (4)]
  5753 | D:7      | Mangled by an orc warrior

Action                   |  1- 3 |  4- 6 |  7- 9 || total
-------------------------+-------+-------+-------++-------
Melee: Mace              |   148 |       |       ||   148
       Flail             |    18 |   196 |   134 ||   348
       Whip              |       |     9 |    74 ||    83
       Morningstar       |       |       |   138 ||   138
       Dagger            |       |       |     8 ||     8
       Cutlass           |       |       |     2 ||     2
Throw: Tomahawk          |       |     3 |     3 ||     6
Invok: Heroism           |       |       |     1 ||     1
Evoke: Wand              |       |       |     1 ||     1
  Use: Scroll            |     3 |     5 |     1 ||     9
       Potion            |       |     3 |     5 ||     8
